[Event "Titled Tuesday Blitz February 07 Late 2023"]
[White "Martinez Ramirez, Lennis"]
[Black "Yeritsyan, Hayk"]
[WhiteFideId "3509079"]
[BlackFideId "13307320"]
[WhiteElo "2426"]
[BlackElo "2241"]
[Result "1-0"]
[Round "11"]
[TimeControl "180+2"]
[Date "2023.02.07"]
[WhiteClock "0:01:55"]
[BlackClock "0:01:12"]

1. d4 d5 2. Nf3 Nf6 3. Bg5 e6 4. Nbd2 Be7 5. Bxf6 Bxf6 6. e4 O-O 7. e5 Be7 8. Bd3 f5 9. h4 c5 10. c3 Nc6 11. dxc5 Bxc5 12. Nb3 Bb6 13. Qe2 Bd7 14. O-O-O Rc8 15. Kb1 a6 16. Ng5 Qe8 17. f4 h5 18. a3 Ne7 19. Rc1 g6 20. c4 Kg7 21. c5 Bc7 22. Nd4 Nc6 23. Qf2 Nxd4 24. Qxd4 Bd8 25. Nf3 Bb5 26. Bxb5 Qxb5 27. Rc3 Be7 28. Rhc1 Rc7 29. Ka2 Rfc8 30. Rb3 Bxc5 31. Rxb5 Bxd4 32. Rxc7+ Rxc7 33. Nxd4 Rc4 34. Rxb7+ Kh6 35. Nxe6 a5 36. Ng5 Rxf4 37. Rh7# 1-0


[Site "https://www.chess.com"]

[Event "Titled Tuesday Blitz February 07 Late 2023"]
[White "Gutkin, Ilya"]
[Black "Rosen, Eric"]
[WhiteFideId "16203470"]
[BlackFideId "2032562"]
[WhiteElo "2273"]
[BlackElo "2349"]
[Result "0-1"]
[Round "11"]
[TimeControl "180+2"]
[Date "2023.02.07"]
[WhiteClock "0:00:02"]
[BlackClock "0:00:52"]

1. Nf3 c5 2. b3 Nc6 3. Bb2 d5 4. e3 a6 5. d4 cxd4 6. exd4 Nf6 7. a3 Bg4 8. Bd3 e6 9. Nbd2 Bd6 10. h3 Bh5 11. O-O Qc7 12. c4 O-O 13. Qc2 Rac8 14. c5 Bf4 15. Rfe1 Bg6 16. b4 Rfd8 17. Ne5 Nxe5 18. dxe5 Nd7 19. Nf3 b6 20. g3 Bh6 21. Qe2 Bxd3 22. Qxd3 bxc5 23. Qxa6 Nb6 24. bxc5 Nc4 25. Bd4 Ra8 26. Qb5 Rdb8 27. Reb1 Rxb5 28. Rxb5 g6 29. a4 Bg7 0-1


[Site "https://www.chess.com"]

[Event "Titled Tuesday Blitz February 07 Late 2023"]
[White "Bilan, Danila"]
[Black "Janaszak, Dawid"]
[WhiteFideId "24161918"]
[BlackFideId "1119206"]
[WhiteElo "2303"]
[BlackElo "2316"]
[Result "0-1"]
[Round "11"]
[TimeControl "180+2"]
[Date "2023.02.07"]
[WhiteClock "0:00:09"]
[BlackClock "0:01:19"]

1. d4 d5 2. Nf3 c5 3. c4 e6 4. cxd5 exd5 5. Nc3 Nc6 6. g3 Nf6 7. Bg2 Bd6 8. O-O O-O 9. dxc5 Bxc5 10. Bg5 Be6 11. Rc1 Be7 12. Nd4 Rc8 13. Nxe6 fxe6 14. Bh3 Qd7 15. e4 d4 16. e5 Nxe5 17. Bxf6 Rxf6 18. Ne4 Rh6 19. Bg2 Rd8 20. f4 Nc6 21. Re1 d3 22. Nd2 Nd4 23. Rc4 Ne2+ 24. Kf2 b5 25. Re4 Rxh2 26. Nf1 Bc5+ 27. Kf3 Ng1+ 28. Kg4 h5+ 29. Kg5 Qe7+ 0-1


[Site "https://www.chess.com"]

[Event "Titled Tuesday Blitz February 07 Late 2023"]
[White "Czopor, Maciej"]
[Black "Becerra, Juan David"]
[WhiteFideId "21805431"]
[BlackFideId "4404998"]
[WhiteElo "2385"]
[BlackElo "2382"]
[Result "1-0"]
[Round "11"]
[TimeControl "180+2"]
[Date "2023.02.07"]
[WhiteClock "0:00:23"]
[BlackClock "0:00:17"]

1. c4 e5 2. Nc3 Nf6 3. e3 c6 4. Nf3 e4 5. Nd4 d5 6. cxd5 cxd5 7. d3 Be7 8. dxe4 dxe4 9. Qc2 O-O 10. Nxe4 Nxe4 11. Qxe4 Bb4+ 12. Bd2 Bxd2+ 13. Kxd2 Qa5+ 14. Kd1 Nc6 15. Bd3 g6 16. Ke2 Nxd4+ 17. Qxd4 Rd8 18. Qc3 Qg5 19. Kf1 Be6 20. h4 Qd5 21. Be2 Rac8 22. Qb4 a5 23. Qe1 Rc2 24. h5 Qc5 25. Kg1 Rdd2 26. Bd1 Rxb2 27. hxg6 hxg6 28. Bf3 Rxa2 29. Rc1 Rdc2 30. Rd1 Kg7 31. Rh4 Rxf2 32. Bxb7 Qc2 33. Rh2 Re2 34. Qf1 Qb3 35. Ba6 Qxe3+ 36. Kh1 Rf2 37. Qg1 Qf4 38. Qe1 Qf6 39. Qe3 Bg4 40. Qh6+ Kg8 41. Rd8+ Qxd8 42. Qh8# 1-0


[Site "https://www.chess.com"]

[Event "Titled Tuesday Blitz February 07 Late 2023"]
[White "Remolar Gallen, Jose"]
[Black "Sielecki, Christof"]
[WhiteFideId "2215187"]
[BlackFideId "4620437"]
[WhiteElo "2285"]
[BlackElo "2419"]
[Result "1-0"]
[Round "11"]
[TimeControl "180+2"]
[Date "2023.02.07"]
[WhiteClock "0:00:21"]
[BlackClock "0:00:22"]

1. e4 c5 2. Nf3 a6 3. b4 cxb4 4. a3 b5 5. axb4 Bb7 6. c4 Bxe4 7. Nc3 Bb7 8. cxb5 axb5 9. Rxa8 Bxa8 10. Bxb5 Nf6 11. O-O e6 12. Ba3 Be7 13. d4 O-O 14. Qd3 Nc6 15. Rb1 Bb7 16. d5 Nxd5 17. Nxd5 exd5 18. Qxd5 Bf6 19. Bd3 Qa8 20. Qf5 g6 21. Qxf6 Qxa3 22. Bc4 d5 23. Bxd5 Qd3 24. Ba2 Nxb4 25. Ne5 Nd5 26. Nxd3 Nxf6 27. Rxb7 Ra8 28. Bxf7+ Kh8 29. g3 1-0


[Site "https://www.chess.com"]

[Event "Titled Tuesday Blitz February 07 Late 2023"]
[White "Carrasco Miranda, Andres"]
[Black "Cori T., Deysi"]
[WhiteFideId "3405990"]
[BlackFideId "3801934"]
[WhiteElo "2240"]
[BlackElo "2362"]
[Result "1-0"]
[Round "11"]
[TimeControl "180+2"]
[Date "2023.02.07"]
[WhiteClock "0:00:17"]
[BlackClock "0:00:06"]

1. d4 Nf6 2. c4 e6 3. g3 Bb4+ 4. Nd2 d5 5. Bg2 O-O 6. Nf3 dxc4 7. O-O b5 8. Ne1 c6 9. Nc2 Be7 10. a4 Nd5 11. e4 Nc7 12. Qh5 Bb7 13. e5 g6 14. Qh6 Nd5 15. Ne4 Re8 16. Bg5 Bf8 17. Qh4 Qb6 18. Bh6 Qd8 19. Bg5 Qc7 20. Bh6 Be7 21. Bg5 Nd7 22. Ne3 Nf8 23. Ng4 h5 24. Ngf6+ Kg7 25. Nxe8+ Rxe8 26. Bf6+ Bxf6 27. exf6+ Kg8 28. Qg5 Nh7 29. Qe5 Qd8 30. Nd6 Nhxf6 31. Nxb7 Qb6 32. Nd6 Rd8 33. Ne4 Ng4 34. Qg5 Qxd4 35. Qxd8+ Kg7 36. Nc3 b4 37. Nxd5 cxd5 38. Qc7 Qxb2 39. Qxa7 d4 40. Rfb1 Qc3 41. Rc1 Qb2 42. Rab1 Qxf2+ 43. Kh1 e5 44. Rxb4 Qe3 45. Rf1 Nf2+ 46. Rxf2 Qxf2 47. Rb1 1-0


[Site "https://www.chess.com"]

[Event "Titled Tuesday Blitz February 07 Late 2023"]
[White "Toktomushev, Teimur"]
[Black "Fisher_TheGalactic"]
[WhiteFideId "14176726"]
[WhiteElo "2239"]
[BlackElo "2561"]
[Result "1-0"]
[Round "11"]
[TimeControl "180+2"]
[Date "2023.02.07"]
[WhiteClock "0:00:08"]
[BlackClock "0:00:31"]

1. d4 b6 2. e4 Bb7 3. Bd3 Nf6 4. Nd2 e6 5. Ngf3 d5 6. Qe2 dxe4 7. Nxe4 Nxe4 8. Bxe4 Bxe4 9. Qxe4 Qd5 10. Qxd5 exd5 11. Bf4 c6 12. Kd2 f6 13. Rhe1+ Kd7 14. Re2 h5 15. Rae1 Na6 16. h3 g5 17. Bh2 g4 18. Nh4 Bh6+ 19. Kd1 Rae8 20. Nf5 Rxe2 21. Rxe2 Bf8 22. c3 c5 23. h4 b5 24. a3 b4 25. axb4 cxb4 26. Kc2 bxc3 27. bxc3 Rh7 28. Kd3 Nc7 29. Bxc7 Kxc7 30. Re6 Rf7 31. Ne3 Bg7 32. Nxd5+ Kd8 33. Ra6 f5 34. Nf4 Bf6 35. g3 Be7 36. d5 Bc5 37. Ne6+ Kc8 38. Nxc5 f4 39. Rc6+ Kb8 40. Na6+ Kb7 41. Rc7+ Rxc7 42. Nxc7 fxg3 43. fxg3 Kxc7 44. c4 Kd6 45. Kd4 a5 46. c5+ Kd7 47. Kc4 Kc7 48. Kb5 Kd7 49. Kxa5 Ke7 50. Kb5 Kf6 51. c6 Ke5 52. c7 Ke4 53. c8=Q Kf3 54. d6 Kg2 55. d7 Kxg3 56. d8=Q Kh3 57. Qd3+ Kxh4 58. Qcd8# 1-0


[Site "https://www.chess.com"]

[Event "Titled Tuesday Blitz February 07 Late 2023"]
[White "Rustemov, Alexander"]
[Black "Van Dael, Siem"]
[WhiteFideId "4119002"]
[BlackFideId "1049771"]
[WhiteElo "2525"]
[BlackElo "2319"]
[Result "1-0"]
[Round "11"]
[TimeControl "180+2"]
[Date "2023.02.07"]
[WhiteClock "0:01:07"]
[BlackClock "0:01:34"]

1. c4 Nf6 2. Nc3 g6 3. e4 d6 4. d4 Bg7 5. f3 O-O 6. Nge2 c5 7. d5 e6 8. Ng3 exd5 9. cxd5 a6 10. a4 h5 11. Bg5 Nbd7 12. Be2 Qc7 13. O-O Nh7 14. Be3 h4 15. Nh1 f5 16. Qd2 Ne5 17. Nf2 Rb8 18. f4 Ng4 19. Nxg4 fxg4 20. Rad1 Nf6 21. e5 dxe5 22. d6 Qc6 23. fxe5 Ne4 24. Rxf8+ Kxf8 25. Nxe4 Qxe4 26. Bxc5 Qxe5 27. b4 Bd7 28. a5 Re8 29. Bc4 g5 30. Rf1+ Bf6 31. Bd4 1-0


[Site "https://www.chess.com"]

[Event "Titled Tuesday Blitz February 07 Late 2023"]
[White "Ozen, Bahadir"]
[Black "Prem, Pranav"]
[WhiteFideId "6337058"]
[BlackFideId "30901057"]
[WhiteElo "2369"]
[BlackElo "2061"]
[Result "1/2-1/2"]
[Round "11"]
[TimeControl "180+2"]
[Date "2023.02.07"]
[WhiteClock "0:00:17"]
[BlackClock "0:00:08"]

1. g3 d5 2. Nf3 Nf6 3. Bg2 c5 4. O-O Nc6 5. d4 e6 6. c4 Be7 7. cxd5 Nxd5 8. Nc3 O-O 9. a3 cxd4 10. Nxd4 Nxc3 11. bxc3 Bd7 12. Rb1 Qc8 13. Nb5 Rd8 14. Nd6 Bxd6 15. Qxd6 Be8 16. Qf4 b6 17. Be3 Rb8 18. c4 e5 19. Qe4 Qe6 20. Rfd1 Qe7 21. a4 Na5 22. c5 Rxd1+ 23. Rxd1 bxc5 24. Qd5 h6 25. Bxc5 Qf6 26. Bd6 Rd8 27. Qxa5 Rxd6 28. Rxd6 Qxd6 29. Qxa7 Qd1+ 30. Bf1 Qxa4 31. Qxa4 Bxa4 1/2-1/2


[Site "https://www.chess.com"]

[Event "Titled Tuesday Blitz February 07 Late 2023"]
[White "TheKnightOfBosnia"]
[Black "Adewumi, Tanitoluwa"]
[BlackFideId "30966396"]
[WhiteElo "2526"]
[BlackElo "2283"]
[Result "1/2-1/2"]
[Round "11"]
[TimeControl "180+2"]
[Date "2023.02.07"]
[WhiteClock "0:00:07"]
[BlackClock "0:00:01"]

1. e4 c6 2. d4 d5 3. Nd2 dxe4 4. Nxe4 Nf6 5. Nxf6+ exf6 6. Bc4 Bd6 7. Qe2+ Qe7 8. Qxe7+ Kxe7 9. Ne2 Be6 10. Bd3 Nd7 11. Bf4 c5 12. Bxd6+ Kxd6 13. O-O-O Kc7 14. Nf4 cxd4 15. Rhe1 Nc5 16. Bb5 a6 17. Bf1 Rad8 18. Kb1 Rhe8 19. f3 g6 20. h4 h6 21. Bd3 Nxd3 22. Nxd3 Bf5 23. Nc5 Rxe1 24. Rxe1 Kc6 25. Nb3 d3 26. cxd3 Rxd3 27. Kc1 Rd7 28. g4 Be6 29. Nd2 Bd5 30. Re3 b5 31. a3 Kb6 32. b4 Bc6 33. Kc2 f5 34. gxf5 gxf5 35. Nb3 f4 36. Rc3 Re7 37. Nd4 Bb7 38. Kd2 Bd5 39. Ne2 Bc4 40. Nxf4 Rd7+ 41. Ke3 a5 42. Ne2 axb4 43. axb4 Re7+ 44. Kf4 Rxe2 45. Kg4 Re6 46. f4 Rg6+ 47. Kf5 Be6+ 48. Ke5 Bc4 49. f5 Rg4 50. Rh3 Rg2 51. Kf6 Rf2 52. Re3 h5 53. Kg5 Be2 54. Re4 Bc4 55. Re5 Kc7 56. Kxh5 Kc6 57. Kg5 Kd6 58. Kf6 Rf3 59. Rc5 Rh3 60. Kg5 Rg3+ 61. Kf4 Rg8 62. h5 Rg1 63. h6 Rf1+ 64. Kg5 Ke7 65. f6+ Ke6 66. h7 Rg1+ 67. Kh6 Rh1+ 68. Kg7 Rg1+ 69. Kf8 Rh1 70. Kg8 Rg1+ 71. Kf8 Rh1 72. Kg8 Rg1+ 73. Kf8 1/2-1/2


[Site "https://www.chess.com"]

[Event "Titled Tuesday Blitz February 07 Late 2023"]
[White "Tan, Zhongyi"]
[Black "Toncheva, Nadya"]
[WhiteFideId "8603642"]
[BlackFideId "2924056"]
[WhiteElo "2517"]
[BlackElo "2295"]
[Result "0-1"]
[Round "11"]
[TimeControl "180+2"]
[Date "2023.02.07"]
[WhiteClock "0:00:06"]
[BlackClock "0:00:07"]

1. d4 d5 2. c4 dxc4 3. e4 e5 4. Nf3 Bb4+ 5. Bd2 Bxd2+ 6. Nbxd2 exd4 7. Bxc4 c5 8. Qb3 Nh6 9. Qb5+ Nd7 10. b4 a6 11. Qa4 O-O 12. O-O Qe7 13. bxc5 Nxc5 14. Qa3 Bg4 15. Nxd4 Rac8 16. h3 Bd7 17. Rfe1 Rfd8 18. N2f3 b5 19. Bd5 Be8 20. Rad1 Qc7 21. Qe3 Kh8 22. Rc1 Qd6 23. Nh4 Ne6 24. Ndf5 Nxf5 25. Nxf5 Qf8 26. Rxc8 Rxc8 27. Bb7 Rc7 28. Bxa6 Bc6 29. Rc1 Qa8 30. Qb6 Bxe4 31. Rxc7 Nxc7 32. Qxc7 Bxf5 33. Bxb5 h6 34. Qxf7 Be4 35. f3 Bd5 36. Qd7 Bxa2 37. Qd6 Qd5 38. Qb8+ Qg8 39. Kh2 Qxb8+ 0-1


[Site "https://www.chess.com"]

[Event "Titled Tuesday Blitz February 07 Late 2023"]
[White "Kaplan, Avi Harrison"]
[Black "Korchmar, Vasiliy"]
[WhiteFideId "30934559"]
[BlackFideId "24131750"]
[WhiteElo "2146"]
[BlackElo "2438"]
[Result "0-1"]
[Round "11"]
[TimeControl "180+2"]
[Date "2023.02.07"]
[WhiteClock "0:00:05"]
[BlackClock "0:00:13"]

1. d4 d5 2. c4 c6 3. Nc3 Nf6 4. cxd5 cxd5 5. Bf4 Qb6 6. e3 e6 7. a3 Bd6 8. Bg3 a6 9. Nf3 O-O 10. Bd3 Bxg3 11. hxg3 Nc6 12. Ne5 g6 13. Na4 Qd8 14. Nxc6 bxc6 15. Rc1 e5 16. dxe5 Ng4 17. O-O Qg5 18. Be2 h5 19. Rxc6 Nxe5 20. f4 Qxg3 21. fxe5 Qxe3+ 22. Rf2 Bd7 23. Rd6 Bxa4 24. Qxa4 Qxe5 25. Qf4 Qxb2 26. Rxd5 Qxa3 27. Rg5 Rac8 28. Kh2 Kh7 29. Bxh5 a5 30. Qh4 Qb4 31. Rg4 Qd6+ 32. g3 Kg7 33. Qg5 Rh8 34. Rh4 Rc5 35. Qg4 Rcxh5 36. Rxh5 Rxh5+ 37. Kg1 Qd5 38. Qf3 Qxf3 39. Rxf3 Re5 40. Ra3 Rc5 41. Kg2 Kf6 42. Kh3 Ke6 43. Re3+ Kf6 44. Rf3+ Rf5 45. Ra3 Re5 46. Rb3 Ke6 47. Rb6+ Ke7 48. Rb7+ Kf8 49. Ra7 Kg7 50. Kg4 Rb5 51. Kh3 g5 52. Ra6 f6 53. Ra8 Kg6 54. Rg8+ Kf5 55. Ra8 Rc5 56. Rb8 Ke5 57. Re8+ Kd6 58. Rf8 Ke7 59. Ra8 Rb5 60. Ra7+ Ke6 61. Ra6+ Kf7 62. Ra8 Re5 63. Ra7+ Kg6 64. Ra8 Rf5 65. Rg8+ Kf7 66. Ra8 Re5 67. Ra7+ Kg8 68. Ra8+ Kh7 69. Ra7+ Kh6 70. Ra6 Rf5 71. Kg4 Rf1 72. Rxa5 Kg6 73. Ra6 Rb1 74. Kh3 Rb4 75. Ra8 Kf5 76. Ra5+ Ke6 77. Ra6+ Kf7 78. Ra7+ Kg6 79. Ra6 Re4 80. Ra8 Re5 81. Rg8+ Kf5 82. Ra8 Ke4 83. Ra4+ Kd5 84. Ra6 f5 85. Rg6 g4+ 86. Kh4 Ke4 87. Ra6 Kf3 88. Ra3+ Kf2 89. Kg5 Rd5 90. Ra2+ Kf3 91. Ra3+ Ke4 92. Ra4+ Ke5 93. Ra3 Rc5 94. Re3+ Kd4 95. Re1 Kd3 96. Rf1 Ke4 97. Rf4+ Ke3 98. Rxf5 Rxf5+ 99. Kxf5 Kf3 100. Ke5 Kxg3 101. Ke4 Kh2 102. Ke3 g3 103. Kf3 g2 104. Kf2 g1=Q+ 105. Ke2 Qg2+ 106. Ke1 Kg3 107. Kd1 Kf3 108. Kc1 Ke3 109. Kb1 Kd3 110. Ka1 Kc3 111. Kb1 Qb2# 0-1


[Site "https://www.chess.com"]

[Event "Titled Tuesday Blitz February 07 Late 2023"]
[White "Saveliev, Alexei"]
[Black "Flynn, Jacob"]
[WhiteFideId "24128546"]
[BlackFideId "2509393"]
[WhiteElo "2385"]
[BlackElo "2102"]
[Result "0-1"]
[Round "11"]
[TimeControl "180+2"]
[Date "2023.02.07"]
[WhiteClock "0:00:36"]
[BlackClock "0:00:12"]

1. c4 c5 2. e3 Nf6 3. d4 cxd4 4. exd4 d5 5. Nf3 g6 6. Nc3 Bg7 7. Bg5 Ne4 8. Bh4 Nxc3 9. bxc3 O-O 10. cxd5 Qxd5 11. Be2 Nc6 12. O-O e5 13. c4 Qa5 14. d5 Nd4 15. Nxd4 exd4 16. Bd3 Bd7 17. Qb3 b6 18. Rfe1 Rfe8 19. Be7 Bf8 20. d6 Bxe7 21. dxe7 Qc5 22. Be4 Rac8 23. Bd5 Rxe7 24. h4 h5 25. Qf3 Rce8 26. Rxe7 Qxe7 27. Rd1 Bg4 28. Qd3 Bxd1 29. Qxg6+ Kh8 30. Bxf7 Qe1+ 31. Kh2 Qe5+ 32. g3 Qg7 33. Bxe8 Qxg6 34. Bxg6 Be2 35. a3 d3 36. Kg2 d2 37. Bc2 d1=Q 38. Bxd1 Bxd1 39. f3 Be2 40. Kf2 Bxc4 41. g4 Kg7 42. Ke3 Be6 43. Kf4 a5 44. Ke5 Bxg4 45. fxg4 hxg4 46. Kf4 b5 47. Kxg4 b4 48. axb4 a4 0-1


[Site "https://www.chess.com"]

[Event "Titled Tuesday Blitz February 07 Late 2023"]
[White "Sadovsky, Artem"]
[Black "Kochetov, Andrey"]
[WhiteFideId "4155840"]
[BlackFideId "24130532"]
[WhiteElo "2276"]
[BlackElo "2165"]
[Result "1-0"]
[Round "11"]
[TimeControl "180+2"]
[Date "2023.02.07"]
[WhiteClock "0:00:14"]
[BlackClock "0:00:06"]

1. Nf3 Nf6 2. e3 e6 3. b3 b6 4. Bb2 Bb7 5. Be2 Be7 6. O-O O-O 7. c4 d5 8. d3 c5 9. Nbd2 Nc6 10. a3 dxc4 11. Nxc4 Qc7 12. Qc2 Rfd8 13. Rac1 Rac8 14. Rfd1 Nd5 15. Qb1 Bf6 16. Qa1 Qe7 17. Nfe5 Nxe5 18. Nxe5 Nc7 19. d4 cxd4 20. Bxd4 Nd5 21. Bf3 Rxc1 22. Rxc1 Bxe5 23. Bxe5 f6 24. Bd4 Rc8 25. Rxc8+ Bxc8 26. Qc1 Qc7 27. Qxc7 Nxc7 28. Bb2 Kf7 29. Kf1 e5 30. Ke1 Be6 31. Bd1 a5 32. Kd2 Ke7 33. e4 Kd6 34. a4 Na6 35. Ba3+ Nc5 36. Kc3 Kc6 37. f3 g6 38. Bc2 Bd7 39. b4 axb4+ 40. Bxb4 Bc8 41. a5 bxa5 42. Bxa5 Ba6 43. Bd8 Nd7 44. Kd2 Bf1 45. g3 Bb5 46. Bb3 Kd6 47. Bg8 h6 48. Bf7 g5 49. Ke3 Bc6 50. g4 Bb5 51. Be8 Ke6 52. h3 Bf1 53. Bxd7+ Kxd7 54. Bxf6 Ke6 55. Bg7 Bxh3 56. Bxh6 Kf6 57. Kf2 Kg6 58. Bf8 Kf7 59. Bb4 Ke6 60. Bd2 Kf6 61. Bc1 Kg6 62. Be3 Kf6 63. Bb6 Kg6 64. Bd8 Kh6 65. Bf6 Kg6 66. Bxe5 Kh6 67. Bc7 Kg6 68. Bd8 Kh6 69. e5 Kg6 70. e6 Kg7 71. Bxg5 Kg6 72. e7 Kf7 73. Bh4 Ke8 74. Kg3 Bf1 75. f4 Bd3 76. f5 Bc4 77. Kf4 Kf7 78. g5 Bb5 79. g6+ Kg7 80. Kg5 Be8 81. f6+ Kg8 82. Kh6 Kh8 83. f7 Bxf7 84. Bf6+ Kg8 85. gxf7+ Kxf7 86. Bh4 Ke8 87. Kg7 Kd7 88. Kf7 1-0


[Site "https://www.chess.com"]

[Event "Titled Tuesday Blitz February 07 Late 2023"]
[White "Kleiman, Jake"]
[Black "Osmonbekov, Talaibek"]
[WhiteFideId "2020041"]
[BlackFideId "2017253"]
[WhiteElo "2399"]
[BlackElo "2137"]
[Result "1-0"]
[Round "11"]
[TimeControl "180+2"]
[Date "2023.02.07"]
[WhiteClock "0:01:49"]
[BlackClock "0:01:11"]

1. h4 f5 2. d3 Nf6 3. Nc3 e5 4. e4 d6 5. h5 Nc6 6. g3 Be6 7. Nf3 d5 8. Ng5 Qd7 9. Nxe6 Qxe6 10. exf5 Qxf5 11. Bh3 Ng4 12. Bxg4 Qf7 13. Qf3 Qxf3 14. Bxf3 d4 15. Bxc6+ bxc6 16. Ne4 Rb8 17. Ke2 Be7 18. b3 O-O 19. f4 Rbe8 20. fxe5 Rf5 21. Bf4 g5 22. hxg6 hxg6 23. Raf1 g5 24. Rh5 Kg7 25. Bxg5 Rxe5 26. Bh6+ Kg6 27. Rxe5 Kxh6 28. Rf7 1-0


[Site "https://www.chess.com"]

[Event "Titled Tuesday Blitz February 07 Late 2023"]
[White "Pakleza, Zbigniew"]
[Black "Bozorov, Makhsum"]
[WhiteFideId "1119290"]
[BlackFideId "14201330"]
[WhiteElo "2494"]
[BlackElo "2145"]
[Result "1-0"]
[Round "11"]
[TimeControl "180+2"]
[Date "2023.02.07"]
[WhiteClock "0:00:16"]
[BlackClock "0:00:02"]

1. Nf3 Nf6 2. c4 g6 3. b4 Bg7 4. Bb2 O-O 5. e3 b6 6. Be2 c5 7. a3 Bb7 8. O-O d6 9. Nc3 Nbd7 10. d4 Ne4 11. Nxe4 Bxe4 12. Rc1 Rc8 13. Qb3 Qc7 14. Rfd1 Rfd8 15. h3 Qb8 16. Ng5 Bb7 17. d5 cxb4 18. axb4 a5 19. Bxg7 Kxg7 20. bxa5 bxa5 21. Qc3+ Kg8 22. Qxa5 Qa8 23. Qd2 Nc5 24. Qd4 h6 25. Ra1 Qb8 26. Nf3 Nb3 27. Qh4 Nxa1 28. Qxh6 Bxd5 29. cxd5 Qb2 30. Rd4 Qxe2 31. Rh4 Rc1+ 32. Kh2 Qb2 33. Nd4 Rh1+ 34. Kxh1 1-0


[Site "https://www.chess.com"]

[Event "Titled Tuesday Blitz February 07 Late 2023"]
[White "Cuenca Jimenez, Jose Fernando"]
[Black "Dragomirescu, Angela"]
[WhiteFideId "2255570"]
[BlackFideId "1209914"]
[WhiteElo "2535"]
[BlackElo "2130"]
[Result "0-1"]
[Round "11"]
[TimeControl "180+2"]
[Date "2023.02.07"]
[WhiteClock "0:00:02"]
[BlackClock "0:00:16"]

1. c4 Nf6 2. Nc3 e6 3. Nf3 d5 4. d4 dxc4 5. e4 b5 6. e5 Nd5 7. Nxb5 Nb6 8. Be2 Be7 9. O-O O-O 10. Be3 Bb7 11. Qc1 Bd5 12. Nc3 c6 13. Qc2 N8d7 14. Rfd1 Rc8 15. Ne4 h6 16. b3 c5 17. bxc4 cxd4 18. Rxd4 Qc7 19. Qd1 Bxe4 20. Rxe4 Rfd8 21. Qc1 Bf8 22. Qc2 Nc5 23. Rg4 Kh8 24. Rc1 Nbd7 25. Bd4 Rb8 26. h4 Rdc8 27. h5 Qa5 28. Bc3 Qa4 29. Qd2 Nb6 30. Qf4 Rb7 31. Qd2 Rd7 32. Qc2 Qa6 33. Bd4 Rdc7 34. Be3 Qb7 35. Nd4 Ncd7 36. Nb5 Rc6 37. Bf3 Nxe5 38. Bxc6 Qxc6 39. Rg3 Qb7 40. Bd4 Nexc4 41. Qe2 f6 42. Nc3 e5 43. Bxb6 Nxb6 44. Qd1 Ba3 45. Rc2 Bc5 0-1


[Site "https://www.chess.com"]

[Event "Titled Tuesday Blitz February 07 Late 2023"]
[White "Vovk, Orest"]
[Black "Taspinar, Yanki"]
[WhiteFideId "14113490"]
[BlackFideId "34561188"]
[WhiteElo "2315"]
[BlackElo "2262"]
[Result "0-1"]
[Round "11"]
[TimeControl "180+2"]
[Date "2023.02.07"]
[WhiteClock "0:00:33"]
[BlackClock "0:00:16"]

1. h4 d5 2. h5 c5 3. e4 dxe4 4. Nc3 Nf6 5. Rh4 Nc6 6. Nxe4 Nxe4 7. Rxe4 Bf5 8. Ra4 e6 9. Bb5 h6 10. Qf3 Qc7 11. Bxc6+ bxc6 12. d3 Bd6 13. g4 Bh7 14. Ne2 f6 15. Ra6 Rc8 16. Nc3 O-O 17. Ra4 Rb8 18. b3 Be5 19. Bd2 Rb4 20. Ra6 Rb6 21. Ra4 c4 22. Rxc4 Qd7 23. O-O-O Rfb8 24. Bf4 Bxf4+ 25. Qxf4 e5 26. Qe3 Kh8 27. f4 Bg8 28. Rc5 Qxg4 29. fxe5 Re8 30. Rg1 Qe6 31. Qg3 Re7 32. exf6 Qxf6 33. Qg6 Qd4 34. Na4 Ra6 0-1


[Site "https://www.chess.com"]

[Event "Titled Tuesday Blitz February 07 Late 2023"]
[White "Vlassov, Nikolai"]
[Black "Iljin, Timofey"]
[WhiteFideId "4103360"]
[BlackFideId "14110180"]
[WhiteElo "2283"]
[BlackElo "2329"]
[Result "1-0"]
[Round "11"]
[TimeControl "180+2"]
[Date "2023.02.07"]
[WhiteClock "0:00:11"]
[BlackClock "0:00:03"]

1. e4 c5 2. c3 d5 3. exd5 Nf6 4. Bb5+ Nbd7 5. d4 Nxd5 6. dxc5 e6 7. b4 Be7 8. Nf3 O-O 9. O-O Bf6 10. Nd4 a5 11. Bxd7 Bxd7 12. b5 e5 13. Nf3 Bxb5 14. Re1 e4 15. Nd4 Nxc3 16. Nxc3 Qxd4 17. Bb2 Qxd1 18. Raxd1 Bc6 19. Ba1 Rad8 20. h3 Rfe8 21. Ne2 Bxa1 22. Rxa1 Rd2 23. Ng3 g6 24. Re2 Rxe2 25. Nxe2 Rd8 26. Kf1 Rd2 27. Ke1 Rb2 28. Nd4 Bd5 29. a3 f5 30. Rd1 Kf7 31. Nxf5 gxf5 32. Rxd5 Ke6 33. Rd6+ Ke5 34. Rd7 h5 35. h4 Rc2 36. Rxb7 Rxc5 37. Rh7 Rc3 38. Rxh5 Rxa3 39. g4 Rf3 40. g5 1-0


[Site "https://www.chess.com"]

[Event "Titled Tuesday Blitz February 07 Late 2023"]
[White "Di Berardino, Diego Rafael"]
[Black "Vega Gutierrez, Sabrina"]
[WhiteFideId "2105446"]
[BlackFideId "2219026"]
[WhiteElo "2479"]
[BlackElo "2377"]
[Result "1-0"]
[Round "11"]
[TimeControl "180+2"]
[Date "2023.02.07"]
[WhiteClock "0:00:12"]
[BlackClock "0:00:02"]

1. e4 c5 2. Nf3 e6 3. d4 cxd4 4. Nxd4 Nf6 5. Nc3 d6 6. g4 h6 7. h4 Nc6 8. Rg1 d5 9. Bb5 Bd7 10. exd5 exd5 11. Be3 Bb4 12. Qd3 Ne5 13. Qe2 Kf8 14. Bxd7 Qxd7 15. O-O-O Bxc3 16. bxc3 Nc4 17. Nb3 Qa4 18. Kb1 Ne4 19. Rd3 Re8 20. Re1 Re6 21. Bc1 Ra6 22. a3 Nxa3+ 23. Bxa3+ Qxa3 24. f3 Qa2+ 25. Kc1 Qa3+ 26. Kd1 Qa1+ 27. Nc1 Re6 28. fxe4 Rxe4 29. Re3 f5 30. gxf5 1-0


[Site "https://www.chess.com"]

[Event "Titled Tuesday Blitz February 07 Late 2023"]
[White "reevecanada"]
[Black "Averjanov, Alexey"]
[BlackFideId "14109867"]
[WhiteElo "2474"]
[BlackElo "2399"]
[Result "1-0"]
[Round "11"]
[TimeControl "180+2"]
[Date "2023.02.07"]
[WhiteClock "0:02:42"]
[BlackClock "0:02:19"]

1. e4 c6 2. c4 d5 3. cxd5 cxd5 4. exd5 Nf6 5. Nc3 Nxd5 6. Nf3 Nc6 7. Qb3 Nb6 8. d4 Nxd4 9. Nxd4 Qxd4 10. Be3 Qe5 11. O-O-O Bd7 12. Bxb6 axb6 13. Qxb6 e6 14. Rxd7 Kxd7 15. Qxb7+ Kd6 16. Qxa8 Qe1+ 17. Kc2 Qxf2+ 18. Be2 Ke5 19. Qb8+ Kf6 20. Ne4+ 1-0


[Site "https://www.chess.com"]

[Event "Titled Tuesday Blitz February 07 Late 2023"]
[White "Shapiro, Viktor"]
[Black "Estrada Nieto, Julian"]
[WhiteFideId "4175700"]
[BlackFideId "5101018"]
[WhiteElo "2192"]
[BlackElo "2215"]
[Result "1-0"]
[Round "11"]
[TimeControl "180+2"]
[Date "2023.02.07"]
[WhiteClock "0:00:21"]
[BlackClock "0:00:01"]

1. c4 e5 2. Nc3 Nf6 3. g3 d5 4. cxd5 Nxd5 5. Bg2 Nb6 6. Nf3 Nc6 7. d3 Be7 8. O-O O-O 9. a3 Be6 10. b4 a5 11. b5 Nd4 12. Rb1 f6 13. Nd2 c6 14. e3 Nxb5 15. Nxb5 cxb5 16. Rxb5 Nd5 17. Rxb7 Qc8 18. Bxd5 Bxd5 19. Rxe7 Qc5 20. Rd7 Bc6 21. Qb3+ Kh8 22. Rc7 Qd6 23. Qb6 Rfc8 24. Rxc8+ Rxc8 25. d4 exd4 26. Qxd4 Qe6 27. e4 h6 28. Re1 Bb7 29. f3 Rc2 30. Qd8+ Kh7 31. Qd3 Qc6 32. e5+ Kh8 33. exf6 Rxc1 34. fxg7+ Kxg7 35. Rxc1 Qxc1+ 36. Kg2 Qc6 37. h4 h5 38. Qd4+ Kf8 39. Kf2 Qc2 40. Ke3 1-0


[Site "https://www.chess.com"]